 Dungeon Crawl Stone Soup version 0.27.1-33-g824d729ab1 (console) character file.

Game seed: 12635185078935759479

2419 Banquo the Carver (level 9, -12/63 HPs)
             Began as a Djinni Fighter on Dec 16, 2021.
             Was an Initiate of Ashenzari.
             Mangled by Menkaure (15 damage)
             ... on level 6 of the Dungeon.
             The game lasted 00:27:45 (10394 turns).

Banquo the Carver (Djinni Fighter)                 Turns: 10394, Time: 00:27:45

Health: -12/63     AC:  9    Str: 15    XL:     9   Next: 76%
Gold:   94         EV:  8    Int: 12    God:    Ashenzari [......] SH:  9 Dex: 14

rFire    + . .     SeeInvis +   a - +0 long sword (venom)
rCold    . . .     Faith    .   i - +0 kite shield
rNeg     . . .     Spirit   .   d - +0 scale mail
rPois    ∞         Reflect  .   h - +1 hat
rElec    .         Harm     .   e - +0 cloak
rCorr    .         Rampage  .   (no gloves)
Will     .....                  (boots unavailable)
Stlth    ..........             (no amulet)
HPRegen  0.20/turn              l - ring of see invisible
MPRegen  0.00/turn              r - ring of ice

@: flying
A: sickness immunity, fire resistance 2, cold vulnerability 1, float, innate
caster, hp casting, extra vitality 1
a: Renounce Religion


You were on level 6 of the Dungeon.
You worshipped Ashenzari.
Ashenzari was noncommittal.
You visited 2 branches of the dungeon, and saw 7 of its levels.
You also visited: Ossuary.

You collected 308 gold pieces.
You spent 214 gold pieces at shops.

Inventory:

Hand Weapons
 a - a +0 long sword of venom (weapon)
 b - the +2 spear of Luynou {pain, rPois rC+}
   (You found it on level 4 of the Dungeon)

   In the hands of one skilled in necromantic magic, it inflicts extra damage on
   living creatures.
   rC:        It protects you from cold.
   rPois:     It protects you from poison.
 v - a +0 war axe
 w - a +0 trident
 A - a +0 spear
 C - a +1 short sword of venom
 M - a +0 vorpal morningstar
 P - a +2 spear of venom
Missiles
 f - 222 stones (quivered)
 o - 16 poisoned darts
 y - 4 boomerangs
 G - a throwing net
 J - 56 arrows
Armour
 d - a +0 scale mail (worn)
 e - a +0 cloak (worn)
 h - a +1 hat (worn)
 i - a +0 kite shield (worn)
 k - a +0 helmet
 B - +0 fire dragon scales
Jewellery
 l - a ring of see invisible (left hand)
 r - a ring of ice (right hand)
 F - the ring "Gisoe" {Wiz Int+7 Dex+5 Slay-4}
   (You bought it in a shop on level 4 of the Dungeon)

   [ring of wizardry]

   It improves your spell success rate.
   Int:       It affects your intelligence (+7).
   Dex:       It affects your dexterity (+5).
   Slay:      It affects your accuracy & damage with ranged weapons and melee
   (-4).
 L - a ring of positive energy
Wands
 z - a wand of acid (12)
 N - a wand of flame (12)
 O - a wand of polymorph (9)
Scrolls
 g - a scroll of summoning
 j - a scroll of noise
 m - 4 scrolls of fog
 n - a scroll of magic mapping
 p - a scroll of enchant weapon
 x - 2 scrolls of enchant armour
 E - a scroll of silence
 K - 2 scrolls of teleportation
Potions
 c - a potion of resistance
 q - a potion of might
 s - 2 potions of curing
 t - 2 potions of haste
 u - a potion of mutation
 D - 5 potions of heal wounds
 H - 2 potions of brilliance
 I - 2 potions of berserk rage


   Skills:
 * Level 4.7 Fighting
 * Level 8.1 Long Blades
 + Level 5.4 Armour
 + Level 2.0 Dodging
 * Level 5.2 Shields
 * Level 3.3 Spellcasting


You had 5 spell levels left.
You knew the following spells:

 Your Spells              Type           Power      Damage    Failure   Level
a - Foxfire               Conj/Fire      40%        2x1d6     58%         1
b - Wereblood             Tmut           10%        N/A       75%         2
c - Gell's Gravitas       Tloc           5%         N/A       92%         3
d - Dazzling Flash        Conj/Hex       20%        N/A       92%         3
Your spell library was empty.

Dungeon Overview and Level Annotations

Branches:
Dungeon (6/15)             Temple (1/1) D:4         Ossuary (visited)

Altars:
Ashenzari
Cheibriados
Dithmenos
Elyvilon
Fedhas
Gozag
Kikubaaqudgha
Makhleb
Nemelex Xobeh
Okawaru
Qazlal
Ru
Sif Muna
Uskayaw
Vehumet
Wu Jian
Xom
Yredelemnul
Zin
The Shining One

Shops:
D:4 *   D:5 *(![*   D:6 [

Annotations:
D:6 Grinder, Menkaure


Innate Abilities, Weirdness & Mutations

You are immune to sickness and miasma.
You are immune to poison.
Your flesh is very heat resistant. (rF++)
You are vulnerable to cold. (rC-)
You float through the air rather than walking.
You learn spells naturally, not from books.
Your magical power is your life essence.
You have superior vitality. (+4 HP)


Message History

You hit the gnoll.
You kill the gnoll!
Things that are here:
a +0 spear; a gnoll corpse HP restored.
Menkaure, Prince of Dust comes into view.
Menkaure shouts!
Menkaure gestures wildly while chanting.
Menkaure seems to speed up.
You hit Menkaure.
Menkaure is moderately damaged.
Menkaure calls on the powers of darkness!
Your body is wracked with pain!
You barely miss Menkaure.
Menkaure is moderately damaged.
Menkaure calls on the powers of darkness!
Your body is wracked with pain!
* * * LOW HITPOINT WARNING * * *
You barely miss Menkaure.
Menkaure is moderately damaged.
Menkaure hits you!
* * * LOW HITPOINT WARNING * * *
Menkaure hits you.
* * * LOW HITPOINT WARNING * * *
You hit Menkaure but do no damage.
Menkaure is moderately damaged.
Menkaure hits you but does no damage.
You hit Menkaure.
Menkaure is heavily damaged.
You block Menkaure's attack.
Menkaure calls on the powers of darkness!
Your body is wracked with pain!
* * * LOW HITPOINT WARNING * * *
You barely miss Menkaure.
Menkaure is heavily damaged.
You block Menkaure's attack.
You hit Menkaure.
Menkaure is severely damaged.
Menkaure closely misses you. Menkaure hits you!
You die...

##.#....≈≈≈.#..##.
##....≈≈≈≈#≈)).....
#..≈≈≈≈#≈≈≈≈.......
##'.≈#≈≈≈≈#≈≈≈.#...#
....≈≈≈#≈≈≈≈#≈)##.##
.....≈≈≈≈#≈≈≈≈..#..#
.....≈#≈≈≈≈#≈≈≈.##.##
.....≈≈≈#≈≈≈≈#≈..M..#
......≈≈≈≈#≈≈≈≈.@##.#
#####.≈#≈≈≈≈....###.##
#.≈≈≈.....### #..#
#.....###.# ##.#
####.....###.# ..#
#............# #.#
#............### M#
##.#..###.......# .#
......#.#.......## ..


You could see Menkaure (fast).

Vanquished Creatures
  Prince Ribbit (D:5)
  Sigmund (D:3)
  2 sky beasts (D:5)
  An ogre (D:3)
  2 phantoms (D:5)
  A kobold brigand (D:6)
  A gnoll sergeant (D:6)
  3 scorpions
  2 water moccasin zombies (Ossuary)
  An electric eel (D:6)
  8 centaur zombies (Ossuary)
  12 bullfrog zombies
  2 hounds
  An orc priest (D:5)
  An iron imp (D:5)
  An iguana (D:6)
  2 killer bee zombies (Ossuary)
  2 hound skeletons
  8 mummies (Ossuary)
  2 howler monkey zombies (Ossuary)
  2 adders
  9 gnolls
  An ufetubus (D:5)
  2 worms
  10 orcs
  5 bats
  5 endoplasms
  2 giant cockroaches
  7 goblins
  6 hobgoblins
  10 jackals
  13 kobolds
  3 quokkas
  6 ball pythons
  2 frilled lizards (D:1)
  A goblin zombie (D:6)
  A quokka zombie (D:6)
  4 rats
143 creatures vanquished.

Vanquished Creatures (others)
  4 foxfires (D:6)
  7 withered plants (Ossuary)
11 creatures vanquished.

Grand Total: 154 creatures vanquished

Notes
Turn   | Place    | Note
-------+----------+-------------------------------------------
     0 | D:1      | Banquo the Djinni Fighter began the quest for the Orb.
     0 | D:1      | Reached XP level 1. HP: 20/20 MP: 0/0
    60 | D:1      | Reached XP level 2. HP: 17/25 MP: 0/0
   297 | D:1      | Reached skill level 2 in Long Blades
   530 | D:1      | Reached XP level 3. HP: 30/30 MP: 0/0
   530 | D:1      | Learned a level 1 spell: Foxfire
   856 | D:1      | Found a faded altar of an unknown god.
   919 | D:1      | Became a worshipper of the Shining One
   919 | D:1      | Reached * piety under the Shining One
  1276 | D:1      | Reached XP level 4. HP: 35/35 MP: 0/0
  1319 | D:2      | Found a hide-covered altar of Uskayaw.
  1749 | D:2      | Reached skill level 3 in Long Blades
  2121 | D:2      | Found a hide-covered altar of Uskayaw.
  2400 | D:3      | Reached XP level 5. HP: 33/40 MP: 0/0
  2400 | D:3      | Learned a level 2 spell: Wereblood
  2568 | D:3      | Reached skill level 1 in Spellcasting
  2779 | D:3      | Noticed Sigmund
  2791 | D:3      | Killed Sigmund
  2792 | D:3      | Reached XP level 6. HP: 28/46 MP: 0/0
  3162 | D:3      | Noticed an ogre
  3175 | D:3      | Killed an ogre
  3176 | D:3      | Reached skill level 4 in Long Blades
  3579 | D:4      | Found a staircase to the Ecumenical Temple.
  3584 | Temple   | Entered the Ecumenical Temple
  4020 | D:4      | Reached XP level 7. HP: 45/51 MP: 0/0
  4020 | D:4      | Learned a level 3 spell: Gell's Gravitas
  4091 | D:4      | Identified the +2 spear of Luynou {pain, rPois rC+}
  4593 | D:4      | Found Rosanex's Assorted Antiques.
  4606 | D:4      | Bought a clouded bone ring for 100 gold pieces
  4606 | D:4      | Identified the ring "Gisoe" {Wiz Int+7 Dex+5 Slay-4} (You
                  | bought it in a shop on level 4 of the Dungeon)
  4636 | D:5      | Entered Level 5 of the Dungeon
  5036 | D:5      | Found a burning altar of Makhleb.
  5104 | D:5      | Found Fydot's Antique Weapon Boutique.
  5118 | D:5      | Found Zidoumn's General Store.
  5126 | D:5      | Bought a scroll of teleportation for 36 gold pieces
  5216 | D:5      | Found Resap's Distillery.
  5219 | D:5      | Bought a potion of heal wounds for 55 gold pieces
  5239 | D:5      | Reached skill level 5 in Long Blades
  5298 | D:5      | Reached XP level 8. HP: 57/58 MP: 0/0
  5300 | D:5      | Found a broken altar of Ashenzari.
  5557 | D:5      | Fell from the grace of the Shining One
  5557 | D:5      | Became a worshipper of Ashenzari the Shackled
  5627 | D:5      | Found Taoni's Assorted Antiques.
  5631 | D:5      | Bought a murky blue potion for 23 gold pieces
  5701 | D:5      | Found Ynlos's Armour Emporium.
  5873 | D:5      | Found Fydot's Antique Weapon Boutique.
  5891 | D:5      | Found Zidoumn's General Store.
  5903 | D:5      | Found Resap's Distillery.
  5982 | D:5      | Found a burning altar of Makhleb.
  6067 | D:5      | Found Taoni's Assorted Antiques.
  6100 | D:5      | Found a broken altar of Ashenzari.
  6145 | D:5      | Found Ynlos's Armour Emporium.
  6429 | D:6      | Found a sand-covered staircase.
  6452 | Ossuary  | Entered an ossuary
  6656 | Ossuary  | Reached skill level 6 in Long Blades
  6790 | Ossuary  | Reached skill level 1 in Dodging
  7324 | Ossuary  | Reached XP level 9. HP: 44/62 MP: 0/0
  7324 | Ossuary  | Learned a level 3 spell: Dazzling Flash
  7483 | Ossuary  | Reached skill level 7 in Long Blades
  8197 | D:6      | Reached skill level 5 in Armour
  8530 | D:6      | Noticed Grinder
  8686 | D:6      | Reached skill level 5 in Shields
  8749 | D:6      | Noticed Prince Ribbit
  8786 | D:5      | Killed Prince Ribbit
  8787 | D:5      | Reached skill level 8 in Long Blades
  9001 | D:5      | Found a broken altar of Ashenzari.
  9099 | D:5      | Found a burning altar of Makhleb.
  9180 | D:5      | Found Fydot's Antique Weapon Boutique.
  9198 | D:5      | Found Zidoumn's General Store.
  9210 | D:5      | Found Resap's Distillery.
  9254 | D:5      | Found Taoni's Assorted Antiques.
  9441 | D:5      | Found Ynlos's Armour Emporium.
  9662 | D:6      | Found Feun's Antique Armour Shop.
 10378 | D:6      | Noticed Menkaure
 10390 | D:6      | HP: 3/63 [Menkaure (1)]
 10394 | D:6      | Mangled by Menkaure

Illustrated notes

Levels and vault maps discovered:
D:1:      lightli_arrival_quake, layout_basic, ebering_ecumenical_altar_hall
D:2:      layout_loops_ring, basic_altar
D:3:      layout_basic, uniq_sigmund
D:4:      layout_rooms, minmay_temple_entry_trees, serial_shops,
          nicolae_lakefront_shop
D:5:      layout_basic, evilmike_ruin_ashenzari, makhleb_grotto_becter,
          serial_shops, shop_fountains, kennysheep_mini, nicolae_shop_trees,
          shop, shop
D:6:      layout_basic, enter_ossuary_4, serial_shops, kennysheep_little_box,
          nicolae_lava_and_water, uniq_menkaure, uniq_crazy_yiuf_cottage,
          uniq_prince_ribbit1, uniq_grinder
Temple:   dpeg_five_rooms_temple

Skill      XL: |  1  2  3  4  5  6  7  8  9 |
---------------+----------------------------+-----
Long Blades    | 2 3 4 5 6 8 |  8.1
Spellcasting   | 1 2 3 |  3.3
Armour         | 4 5 |  5.4
Shields        | 4 5 |  5.2
Fighting       | 4 |  4.7
Dodging        | 1 2 |  2.0

Action                   |  1- 3 |  4- 6 |  7- 9 || total
-------------------------+-------+-------+-------++-------
Melee: Long sword        |    82 |   114 |   433 ||   629
Throw: Stone             |       |       |     1 ||     1
 Cast: Foxfire           |       |       |     2 ||     2
  Use: Potion            |       |       |     2 ||     2
       Scroll            |       |       |     1 ||     1
Armor: Scale mail        |    45 |    53 |   193 ||   291
Dodge: Dodged            |    22 |    39 |   132 ||   193
Block: Kite shield       |    40 |    64 |   258 ||   362
       Rpst.: Long sword |     7 |    10 |    35 ||    52
